 Dungeon Crawl Stone Soup version 0.30-a0-883-g5ad918d77d (webtiles) character file.

Game seed: 1543168802040092520

3196 bande the Cleaver (level 9, -4/55 HPs)
             Began as a Gargoyle Fighter on Mar 15, 2023.
             Was a Believer of Okawaru.
             Slain by a death yak (9 damage)
             ... on level 7 of the Dungeon.
             The game lasted 00:13:07 (7813 turns).

bande the Cleaver (Gargoyle Fighter)                Turns: 7813, Time: 00:13:07

Health: -4/55      AC: 33    Str: 19    XL:     9   Next: 96%
Magic:  11/11      EV:  9    Int:  8    God:    Okawaru [**....]
Gold:   526        SH: 10    Dex: 17    Spells: 8/8 levels left

rFire   . . .      SeeInvis .    a - +0 war axe (protect)
rCold   . . .      Faith    .    v - +0 kite shield
rNeg    + . .      Spirit   .    n - +0 plate armour
rPois   ∞          Reflect  .    b - +1 helmet
rElec   +          Rampage  .    (no cloak)
rCorr   .                        u - +0 pair of gloves
Will    .....                    i - +2 pair of boots Stlth
                                 (no amulet)
HPRegen 0.29/turn                s - +5 ring of evasion
MPRegen 0.12/turn                (no ring)

@: under a protective aura
A: sickness immunity, AC +6, negative energy resistance 1, electricity
resistance, torment resistance 1, petrification resistance, agile 1
a: Renounce Religion, Heroism


You were on level 7 of the Dungeon.
You worshipped Okawaru.
Okawaru was pleased with you.
You visited 2 branches of the dungeon, and saw 9 of its levels.
You also visited: Ossuary.

You collected 526 gold pieces.

Inventory:

Hand Weapons
 a - a +0 war axe of protection (weapon)
 y - the +3 mace of Gawip {freeze, rElec rF+ Str+2 Stlth-}
   (You found it on level 6 of the Dungeon)

   Str:       It affects your strength (+2).
   rF:        It protects you from fire.
   rElec:     It insulates you from electricity.
   Stlth:     It makes you less stealthy.
Missiles
 x - 2 throwing nets (quivered)
Armour
 b - a +1 helmet (worn)
 g - a +0 pair of boots of flying
 i - a +2 pair of boots (worn)
 n - a +0 plate armour (worn)
 u - a +0 pair of gloves (worn)
 v - a +0 kite shield (worn)
Jewellery
 s - a +5 ring of evasion (left hand)
Wands
 j - a wand of digging (2)
 o - a wand of mindburst (8)
Scrolls
 h - 6 scrolls of teleportation
 k - 5 scrolls of magic mapping
 p - a scroll of enchant armour
 r - 3 scrolls of identify
 w - a scroll of fog
Potions
 c - 2 potions of invisibility
 d - a potion of might
 e - 5 potions of curing
 f - a potion of haste
 l - 2 potions of ambrosia
 m - 2 potions of flight
 q - a potion of heal wounds
 t - a potion of magic {unknown}
 z - a potion of cancellation {unknown}


   Skills:
 + Level 6.1 Fighting
 + Level 8.0 Axes
 + Level 6.1 Armour
 + Level 6.4 Shields
 * Level 3.8 Invocations
 * Level 4.7 Evocations


You had 8 spell levels left.
You didn't know any spells.
Your spell library contained the following spells:

 Spells                   Type           Power      Damage    Failure   Level
 Magic Dart               Conj           0%         1d3       100%        1
 Searing Ray              Conj           0%         2d4       100%        2
 Vhi's Electric Charge    Tloc/Air       0%         N/A       100%        3
 Fulminant Prism          Conj/Hex       0%         3d5       100%        4
 Arcjolt                  Conj/Air       0%         1d10      100%        5
 Maxwell's Capacitive Co  Air            0%         ∞         100%        8


Dungeon Overview and Level Annotations

Branches:
Dungeon (8/15)             Temple (1/1) D:5         Ossuary (visited)
   Lair: D:8-11

Altars:
Ashenzari
Cheibriados
Elyvilon
Fedhas
Gozag
Hepliaklqana
Kikubaaqudgha
Makhleb
Nemelex Xobeh
Okawaru
Qazlal
Ru
Sif Muna
Uskayaw
Vehumet
Wu Jian
Xom
Yredelemnul
Zin
The Shining One

Shops:
D:6 *

Annotations:
Temple 2 transporters


Innate Abilities, Weirdness & Mutations

You are immune to sickness and miasma.
Your stone body is resilient. (AC +6)
You are immune to poison.
You resist negative energy. (rN+)
You are resistant to electric shocks. (rElec)
You are resistant to unholy torment.
You are immune to petrification.
You are agile. (Dex +4, Str/Int -1)


Message History

You hit the death yak but do no damage.
The death yak is lightly wounded.
The death yak gores you.
You're too confused to move!
The death yak barely misses you.
You slash the death yak!
The death yak is moderately wounded.
The death yak gores you but does no damage.
You feel less invigorated.
You feel less confused. The death yak gores you!
The death yak gores you but does no damage.
The death yak gores you.
You hit the death yak but do no damage.
The death yak is moderately wounded.
The death yak gores you but does no damage.
You hit the death yak but do no damage.
The death yak is moderately wounded.
The death yak gores you but does no damage.
The death yak gores you!
You hit the death yak but do no damage.
The death yak is moderately wounded.
You block the death yak's attack.
You hit the death yak but do no damage.
The death yak is lightly wounded.
The death yak gores you but does no damage.
You hit the death yak but do no damage.
The death yak is lightly wounded.
You block the death yak's attack.
You hit the death yak.
The death yak is moderately wounded.
The death yak gores you!
The death yak gores you but does no damage.
You barely miss the death yak.
The death yak is moderately wounded.
The death yak gores you!
* * * LOW HITPOINT WARNING * * *
You hit the death yak but do no damage.
The death yak is moderately wounded.
The death yak gores you!
You die...

#.# #.# ####.........# #####.#
#.# #.........# ....#.# #.#
#.........# ###.#.# #.#
#.........# # #.#.# #.#
############'##### # #.#.#
#.###.....(...##.######## ###.#.#
#...'..........#.#.#..)).
'...#.#######..........#.#.#.####
#####.......#...@Y.....#.#.#.# #
#######.#.....>....#.#.#)# #
#.#..........#.#.#.#### #
#.#..........#.#.#....) #
#.#..........#.#.###### #
#######.#..........#.#.#....#
#.......#...................#
#.##################.#.#....#
#.#..# #.#.#....#


You could see a death yak.

Vanquished Creatures
  A death yak (D:7)
  Sigmund (D:5)
  Eustachio (D:4)
  3 water moccasins
  3 ice beasts
  A black bear (D:6)
  2 ogres (D:6)
  2 bullfrogs (D:6)
  A gnoll sergeant (D:5)
  4 wights (D:7)
  A jelly (D:5)
  4 hounds
  Jessica (D:2)
  2 sleepcaps
  Natasha (thrice) (D:2)
  7 iguanas
  4 orc wizards
  A hell rat (D:7)
  A hound zombie (Ossuary)
  5 mummies
  Robin (D:2)
  11 adders
  14 gnolls
  A river rat (D:7)
  4 ufetubi
  An adder zombie (Ossuary)
  3 dart slugs
  2 worms
  12 orcs
  5 ball pythons
  5 bats
  7 endoplasms
  7 giant cockroaches
  3 gnoll zombies (Ossuary)
  13 goblins
  6 hobgoblins
  3 jackals
  5 quokkas
  3 frilled lizards
  A goblin zombie (D:6)
  3 hobgoblin zombies (Ossuary)
  2 kobolds (D:1)
  3 kobold zombies
  An orc zombie (Ossuary)
  5 rats
  A rat zombie (Ossuary)
170 creatures vanquished.

Notes
Turn   | Place    | Note
-------+----------+-------------------------------------------
     0 | D:1      | bande the Gargoyle Fighter began the quest for the Orb.
     0 | D:1      | Reached XP level 1. HP: 14/14 MP: 1/1
   138 | D:1      | Reached XP level 2. HP: 19/19 MP: 2/2
   389 | D:1      | Reached skill level 2 in Axes
   536 | D:1      | Reached XP level 3. HP: 23/23 MP: 3/3
   697 | D:2      | Noticed Jessica
   712 | D:2      | Killed Jessica
  1014 | D:2      | Reached XP level 4. HP: 29/29 MP: 4/4
  1197 | D:2      | Found a sacrificial altar of Ru.
  1227 | D:2      | Noticed Robin
  1237 | D:2      | Killed Robin
  1241 | D:2      | Reached skill level 3 in Axes
  1347 | D:2      | Identified a scroll of acquirement
  1347 | D:2      | Acquired a +0 pair of boots of flying
  1442 | D:2      | Reached XP level 5. HP: 32/33 MP: 5/5
  1451 | D:2      | Noticed Natasha
  1473 | D:2      | Killed Natasha
  1697 | D:2      | Noticed Natasha
  1701 | D:2      | Killed Natasha
  1731 | D:2      | Found a faded altar of an unknown god.
  1761 | D:2      | Noticed Natasha
  1775 | D:2      | Killed Natasha
  2565 | D:3      | Found a sacrificial altar of Ru.
  2686 | D:3      | Reached XP level 6. HP: 34/38 MP: 6/6
  2793 | D:3      | Reached skill level 4 in Axes
  2793 | D:3      | Reached skill level 1 in Evocations
  2845 | D:4      | Noticed Eustachio
  2996 | D:4      | Killed Eustachio
  2997 | D:4      | Reached XP level 7. HP: 41/44 MP: 7/7
  3870 | D:5      | Entered Level 5 of the Dungeon
  4039 | D:5      | Reached skill level 5 in Axes
  4054 | D:5      | Reached skill level 5 in Armour
  4163 | D:5      | Reached XP level 8. HP: 48/48 MP: 8/8
  4166 | D:5      | Reached skill level 5 in Fighting
  4177 | D:5      | Noticed Sigmund
  4187 | D:5      | Killed Sigmund
  4193 | D:5      | Reached skill level 6 in Axes
  4207 | D:5      | Reached skill level 5 in Shields
  4363 | D:5      | Found a staircase to the Ecumenical Temple.
  4376 | Temple   | Entered the Ecumenical Temple
  4376 | Temple   | Found a transporter.
  4376 | Temple   | Found a transporter.
  4379 | Temple   | Found a transporter.
  4379 | Temple   | Found a transporter.
  4390 | Temple   | Became a worshipper of Warmaster Okawaru
  4551 | D:5      | Found a broken altar of Ashenzari.
  4906 | D:6      | Found a sand-covered staircase.
  4913 | D:6      | Reached skill level 1 in Invocations
  4916 | Ossuary  | Entered an ossuary
  5304 | D:6      | Identified the +3 mace of Gawip {freeze, rElec rF+ Str+2
                  | Stlth-}
  5420 | D:6      | Reached XP level 9. HP: 43/54 MP: 10/10
  5486 | D:6      | Gained mutation: You passively map a small area around you.
                  | [potion of mutation]
  5486 | D:6      | Gained mutation: You have large cloven feet. [potion of
                  | mutation]
  5487 | D:6      | Lost mutation: You have large cloven feet. [potion of
                  | mutation]
  5487 | D:6      | Lost mutation: You passively map a small area around you.
                  | [potion of mutation]
  5487 | D:6      | Gained mutation: Your body sometimes deteriorates upon
                  | taking damage. [potion of mutation]
  5487 | D:6      | Gained mutation: You are partially covered in iridescent
                  | scales. (AC +2) [potion of mutation]
  5488 | D:6      | Lost mutation: Your body sometimes deteriorates upon taking
                  | damage. [potion of mutation]
  5488 | D:6      | Lost mutation: You are partially covered in iridescent
                  | scales. (AC +2) [potion of mutation]
  5488 | D:6      | Gained mutation: Your body sometimes deteriorates upon
                  | taking damage. [potion of mutation]
  5488 | D:6      | Gained mutation: You are agile. (Dex +4, Str/Int -1)
                  | [potion of mutation]
  5488 | D:6      | Lost mutation: Your body sometimes deteriorates upon taking
                  | damage. [potion of mutation]
  5507 | D:6      | Found Neoreo Matav's Assorted Antiques.
  5540 | D:6      | Identified the +3 leather armour "Gesuku" {Str+6}
  5547 | D:6      | Reached * piety under Okawaru
  5663 | D:6      | Reached skill level 7 in Axes
  5733 | D:6      | Found an ornate altar of the Wu Jian Council.
  7430 | D:8      | Noticed a death yak
  7433 | D:8      | Noticed a death yak
  7434 | D:8      | Noticed a death yak
  7470 | D:7      | HP: 2/55 [death yak (10)]
  7472 | D:7      | Killed a death yak
  7472 | D:7      | Reached ** piety under Okawaru
  7473 | D:7      | Reached skill level 8 in Axes
  7813 | D:7      | Slain by a death yak

Illustrated notes

Levels and vault maps discovered:
D:1:      lightli_arrival_statue_moat, layout_loops_ring, feat_on_display
D:2:      layout_basic, basic_altar, dreamdust_ecumenical_altar_statues,
          uniq_jessica, uniq_natasha, uniq_robin
D:3:      layout_loops_cross, mainiacjoe_overflow_alcove_2, minmay_cupped
D:4:      layout_layer_cave, uniq_eustachio
D:5:      layout_cave_pools, mainiacjoe_overflow_concentric_impassable,
          minmay_temple_entry_ruins, uniq_sigmund
D:6:      layout_loops_ring, nzn_wu_jian_council_hall, serial_shops, shop,
          nicolae_ossuary_entry_giza
D:7:      layout_basic
D:8:      kb_forest_paths, layout_basic, dpeg_lair_monsters, uniq_maurice
Temple:   hellmonk_temple_divided_pantheon

Skill      XL: |  1  2  3  4  5  6  7  8  9 |
---------------+----------------------------+-----
Axes           | 2 3 4 5 6 8 |  8.0
Armour         | 4 5 6 |  6.1
Fighting       | 4 5 6 |  6.1
Shields        | 4 5 6 |  6.4
Evocations     | 1 2 3 4 |  4.7
Invocations    | 1 3 |  3.8

Action                     |  1- 3 |  4- 6 |  7- 9 || total
---------------------------+-------+-------+-------++-------
  Melee: War axe           |    76 |   173 |   462 ||   711
    Use: Scroll            |       |    12 |     9 ||    21
         Potion            |       |       |     8 ||     8
 Armour: Scale mail        |    39 |    18 |       ||    57
         Plate armour      |       |   211 |   395 ||   606
  Dodge: Dodged            |    43 |    78 |   206 ||   327
  Block: Buckler           |    19 |    52 |    61 ||   132
         Kite shield       |       |       |   185 ||   185

Table legend: (Time is in decaauts)
 A = Elapsed time spent in this place.
 B = Non-inter-level travel time spent in this place.
 C = Inter-level travel time spent in this place.
 D = Time resting spent in this place.
 E = Time spent auto-exploring this place.
 F = Levels seen in this place.
 G = Mean time per level.
                   A        B        C        D        E       F      G
               +--------+--------+--------+--------+--------+-----+--------+
         Total |   8078 |   7850 |    228 |   1031 |   4972 |  10 |  807.8 |
       Dungeon |   7821 |   7593 |    228 |   1031 |   4855 |   8 |  977.6 |
        Temple |     32 |     32 |      0 |      0 |      0 |   1 |   32.0 |
       Ossuary |    224 |    224 |      0 |      0 |    117 |   1 |  224.0 |
               +--------+--------+--------+--------+--------+-----+--------+

Top non-repeatable levels by time:
     D:7: 1759 daAuts
     D:2: 1568 daAuts
     D:4: 1159 daAuts
     D:6: 1082 daAuts
     D:3: 817 daAuts
     D:5: 739 daAuts
     D:1: 684 daAuts
 Ossuary: 224 daAuts
  Temple: 32 daAuts
     D:8: 9 daAuts
